 Dungeon Crawl Stone Soup version 0.29.1-13-g9f3cf754e1 (webtiles) character file.

Game seed: 17355284993193654073

88 Peloso the Covered (level 4, 0/41 HPs)
             Began as a Minotaur Fighter on Jan 25, 2023.
             Slain by a gnoll
             ... wielding a +0 spear
              (2 damage)
             ... on level 2 of the Dungeon.
             The game lasted 00:02:13 (1327 turns).

Peloso the Covered (Minotaur Fighter)               Turns: 1327, Time: 00:02:14

Health: 0/41       AC:  9    Str: 21    XL:     4   Next: 30%
Magic:  3/3        EV:  8    Int:  5    God:
Gold:   65         SH:  0    Dex: 11    Spells: 3/3 levels left

rFire   . . .      SeeInvis .   a - +0 long sword
rCold   . . .      Faith    .   (no shield)
rNeg    . . .      Spirit   .   c - +0 chain mail
rPois   .          Reflect  .   (helmet restricted)
rElec   .          Harm     .   (no cloak)
rCorr   .          Rampage  .   (no gloves)
Will    .....                   (no boots)
Stlth   ..........              (no amulet)
HPRegen 0.13/turn               (no ring)
MPRegen 0.08/turn               (no ring)

@: no status effects
A: horns 2, retaliatory headbutt
a: no special abilities


You were on level 2 of the Dungeon.
You visited 1 branch of the dungeon, and saw 2 of its levels.

You collected 65 gold pieces.

Inventory:

Hand Weapons
 a - a +0 long sword (weapon)
Armour
 b - a +0 scale mail
 c - a +0 chain mail (worn)
 d - a +0 buckler
Jewellery
 k - a +4 ring of evasion
Scrolls
 f - 2 scrolls of teleportation {unknown}
 h - 2 scrolls of enchant weapon {unknown}
 i - a scroll of identify {unknown}
 l - a scroll of poison {unknown}
 m - a scroll of fog {unknown}
Potions
 e - a potion of might
 g - a potion of degeneration {unknown}
 j - a potion of lignification {unknown}


   Skills:
 + Level 4.3 Fighting
 + Level 3.5 Long Blades
 + Level 4.4 Armour
 + Level 1.0 Dodging
 + Level 0.1 Stealth
 + Level 4.0 Shields


You had 3 spell levels left.
You didn't know any spells.
Your spell library was empty.

Dungeon Overview and Level Annotations

Branches:
Dungeon (2/15)

Altars:


Innate Abilities, Weirdness & Mutations

You have a pair of horns on your head.
You reflexively headbutt those who attack you in melee.


Message History

You kill the gnoll!
The gnoll hits you from afar with a +0 spear.
Your Dodging skill increases to level 1!
The gnoll barely misses you. You furiously retaliate!
You headbutt the gnoll! The gnoll closely misses you.
You see here a +0 flail.
The gnoll hits you with a +0 spear.
The gnoll hits you from afar with a +0 spear.
The gnoll hits you but does no damage.
You slash the gnoll!
You kill the gnoll!
You see here a +0 flail.
The quokka attacks as you move away!
The quokka bites you but does no damage. x2
The quokka attacks as you move away! The quokka completely misses you.
The quokka attacks as you move away! The quokka bites you.
The quokka attacks as you move away! The quokka bites you.
* * * LOW HITPOINT WARNING * * *
The quokka attacks as you move away!
The quokka bites you but does no damage.
The quokka barely misses you. The quokka attacks as you move away!
The quokka bites you but does no damage.
The quokka attacks as you move away! The quokka bites you.
* * * LOW HITPOINT WARNING * * *
The quokka bites you but does no damage.
The quokka attacks as you move away! The quokka bites you.
* * * LOW HITPOINT WARNING * * *
The quokka barely misses you. The quokka attacks as you move away!
The quokka bites you.
* * * LOW HITPOINT WARNING * * *
The quokka bites you but does no damage.
The quokka attacks as you move away! The quokka barely misses you.
The quokka misses you. The quokka attacks as you move away!
The quokka bites you.
* * * LOW HITPOINT WARNING * * *
There is a stone staircase leading up here.
The quokka closely misses you.
The gnoll hits you from afar with a +0 spear.
You die...

#.# #.# #.###.###..
#.##..... ###.##..#
#.......# #.#.##..#
#.#g##..###########
#.#r...............
#.@).##.###.#######
##.##.##.# #.#
#........# #.#
#..##[#### #.#
#..##.# #.# #..##.#
#.# #..##.# ##.##
#..##.#####...#
#..#...##.....###


You could see a gnoll and a quokka.

Vanquished Creatures
  2 gnolls (D:2)
  An adder (D:2)
  4 dart slugs (D:1)
  7 bats
  4 endoplasms
  2 giant cockroaches (D:1)
  2 goblins
  4 hobgoblins
  2 jackals (D:2)
  4 quokkas
  9 ball pythons
  3 frilled lizards
  2 kobolds
  3 rats
49 creatures vanquished.

Notes
Turn   | Place    | Note
-------+----------+-------------------------------------------
     0 | D:1      | Peloso the Minotaur Fighter began the quest for the Orb.
     0 | D:1      | Reached XP level 1. HP: 19/19 MP: 0/0
     6 | D:1      | Noticed a salamander
     7 | D:1      | Noticed a komodo dragon
     7 | D:1      | Noticed a hog
   102 | D:1      | Reached XP level 2. HP: 18/27 MP: 1/1
   495 | D:1      | Reached XP level 3. HP: 33/33 MP: 2/2
  1053 | D:2      | Found a faded altar of an unknown god.
  1279 | D:2      | Reached XP level 4. HP: 35/41 MP: 3/3
  1295 | D:2      | Reached skill level 1 in Dodging
  1326 | D:2      | HP: 2/41 [quokka (4)]
  1327 | D:2      | Slain by a gnoll

Illustrated notes

Levels and vault maps discovered:
D:1:      onia_arrival_zoo_common, layout_rooms, minmay_surrounded
D:2:      layout_loops_ring, basic_ecumenical_altar

Skill      XL: |  1  2  3  4 |
---------------+-------------+-----
Armour         | 4 |  4.4
Fighting       | 4 |  4.3
Shields        | 4 |  4.0
Long Blades    | 3 |  3.5
Dodging        | 1 |  1.0
Stealth        | |  0.1

Action                   |  1- 3 |  4- 6 || total
-------------------------+-------+-------++-------
Melee: Long sword        |    97 |     5 ||   102
       Headbutt          |    15 |       ||    15
Armor: Scale mail        |    22 |       ||    22
       Chain mail        |    35 |     8 ||    43
Dodge: Dodged            |    36 |    11 ||    47
Block: Buckler           |     6 |       ||     6
